 Dungeon Crawl Stone Soup version 0.25.0-1-g7eea58d2a3 (webtiles) character file.

Game seed: 17413137826505752512

(classic levelgen) 3 EnegeticOcto the Insei (level 1, 3/13 HPs)
             Began as an Octopode Transmuter on June 14, 2020.
             Quit the game on level 1 of the Dungeon.
             The game lasted 00:00:10 (94 turns).

EnegeticOcto the Insei (Octopode Transmuter)          Turns: 94, Time: 00:00:11

Health: 3/13       AC:  1    Str:  9    XL:     1   Next: 50%
Magic:  3/3        EV: 13    Int: 15    God:
Gold:   0          SH:  0    Dex: 12    Spells: 3/4 levels left

rFire    . . .     SeeInvis .     - Unarmed
rCold    . . .     Gourm    .   (no shield)
rNeg     . . .     Faith    .   (helmet restricted)
rPois    .         Spirit   .   (no amulet)
rElec    .         Reflect  .   (no ring)
rCorr    .         Harm     .   (no ring)
MR       .....                  (no ring)
Stlth    ++........             (no ring)
HPRegen  0.04/turn              (no ring)
MPRegen  0.08/turn              (no ring)
                                (no ring)
                                (no ring)

@: no status effects
A: almost no armour, stealthy swim, amphibious, 8 rings, constrict 8, camouflage
1, gelatinous body 1
a: no special abilities


You were on level 1 of the Dungeon.
You were not hungry.

You visited 1 branch of the dungeon, and saw 1 of its levels.

Inventory:

Missiles
 a - 12 arrows
Comestibles
 b - a chunk of flesh
 e - a ration


   Skills:
 + Level 1.5 Fighting
 - Level 2.0 Dodging
 - Level 3.0 Unarmed Combat
 - Level 2.0 Spellcasting
 - Level 2.0 Transmutations


You had 3 spell levels left.
You knew the following spells:

 Your Spells              Type           Power        Failure   Level  Hunger
a - Beastly Appendage     Tmut           #.....       10%         1    #......

Your spell library contained the following spells:

 Spells                   Type           Power        Failure   Level  Hunger
 Sticks to Snakes         Tmut           #.......     14%         2    ###....
 Spider Form              Tmut/Pois      #.........   41%         3    ###....
 Ice Form                 Ice/Tmut       #.......     82%         4    #####..
 Blade Hands              Tmut           #.........   95%         5    ######.


Dungeon Overview and Level Annotations

Branches:
Dungeon (1/15)

Altars:


Innate Abilities, Weirdness & Mutations

You cannot wear most types of armour.
You are very stealthy in the water. (Stealth+)
You are amphibious.
You can wear up to eight rings at the same time.
You can use your tentacles to constrict eight enemies at once.
Your skin changes colour to match your surroundings (Stealth+).
Your rubbery body absorbs attacks. (AC +1, EV +1)


Message History

Welcome, EnegeticOcto the Octopode Transmuter.
Will you be the one to retrieve the transcendent Orb of Zot from the depths?
Press ? for a list of commands and other information.
Found a staircase leading out of the dungeon.
Found a robe.
You see here a robe.
A rat comes into view.
The helpless rat fails to defend itself.
You tentacle-slap the rat.
You kill the rat!
No target in view!
No target in view!
No target in view!
You butcher the rat corpse.
b - a chunk of flesh You see here a rat skeleton. x2
A dart slug comes into view.
Found 2 rations.
Found a stone staircase leading down.
A dart slug is nearby!
A bat comes into view. 2 jackals come into view.
A bat and a jackal come into view.
The jackal barks!
You hear a bark!
A jackal comes into view.
The dart slug launches a dart at you.
The jackal barks! x2
The slug dart hits you.
Found 10 gold pieces and a scroll labeled WASUGE NOSI.
There is a stone staircase leading down, spattered with blood here.
The dart slug closely misses you.
You tentacle-slap the dart slug but do no damage.
You grab the dart slug.
You constrict the dart slug, but do no damage.
You tentacle-slap the dart slug but do no damage.
You constrict the dart slug. The bat closely misses you.
The dart slug bites you but does no damage.
You tentacle-slap the dart slug.
The dart slug is heavily wounded.
You constrict the dart slug. The bat misses you. The bat barely misses you.
The jackal bites you but does no damage.
The dart slug barely misses you.
You tentacle-slap the dart slug.
You kill the dart slug!
The bat hits you but does no damage. The bat hits you.
The jackal closely misses you.
You are too injured to fight recklessly!
You are too injured to fight recklessly!
You are too injured to fight recklessly!
You are too injured to fight recklessly!
The bat barely misses you.
The jackal bites you but does no damage.
The bat barely misses you. The jackal misses you. The jackal barely misses you.
There is a stone staircase leading down, spattered with blood here.
The bat hits you. The bat barely misses you.
The bat hits you but does no damage. The bat closely misses you.
The jackal misses you. The bat hits you. The jackal bites you.
* * * LOW HITPOINT WARNING * * *
The bat hits you but does no damage. The bat closely misses you.
Are you sure you want to abandon this character and quit the game? (Confirm with "yes".)

#......#.....
##....#.#.....
##.....#.......
##..............
##...#...h.....?#
##.....h##%....... ..
##.....h..>..%.....
....#....hb##b.........
#....#....#@###.........
#...........# #.........
.#.........### #.........
...........######........
##.#
#.......................
...#
#.........#####.........
#### #.........#
######.........#
...............#


You could see 3 jackals and a bat.

Vanquished Creatures
  A dart slug (D:1)
  A rat (D:1)
2 creatures vanquished.

Notes
Turn   | Place    | Note
-------+----------+-------------------------------------------
     0 | D:1      | EnegeticOcto the Octopode Transmuter began the quest for
                  | the Orb.
     0 | D:1      | Reached XP level 1. HP: 13/13 MP: 3/3
    94 | D:1      | Quit the game

Illustrated notes

Levels and vault maps discovered:
D:1:      matt_arrival_spirals, layout_rooms, nrook_mini_backslash

Action                   || total
-------------------------++-------
Melee: Unarmed           ||     5
       Constrict         ||     1
 Stab: Sleeping          ||     1
Armor: Skin              ||     6
Dodge: Dodged            ||    14
